 Dungeon Crawl Stone Soup version 0.20.1-1-g8b1a95d (webtiles) character file.

587 Inchmeat the Spear-Bearer (level 7, -3/52 HPs)
             Began as a Merfolk Monk on Sept 29, 2017.
             Was a Believer of the Shining One.
             Slain by a steam dragon (6 damage)
             ... on level 6 of the Dungeon.
             The game lasted 00:06:28 (3986 turns).

Inchmeat the Spear-Bearer (Merfolk Monk)            Turns: 3986, Time: 00:06:28

Health: -3/52      AC:  5    Str: 12    XL:     7   Next: 38%
Magic:  4/7        EV: 14    Int: 10    God:    the Shining One [**....]
Gold:   221        SH:  6    Dex: 17    Spells: 6/6 levels left

rFire    . . .     SeeInvis .   a - +1 spear
rCold    . . .     Gourm    .   (no shield)
rNeg     + . .     Faith    .   n - +0 leather armour
rPois    .         Spirit   .   (no helmet)
rElec    .         Reflect  .   s - +0 cloak
rCorr    .         Harm     .   (no gloves)
MR       .....                  f - +0 pair of boots
Stlth    +.........             (no amulet)
Regen    0.2/turn               (no ring)
MPRegen  0.1/turn               (no ring)

@: divine shield, very slightly contaminated, glowing, invisible (but backlit
and visible)
A: change form in water, swift swim, stealthy swim
a: Divine Shield, Renounce Religion


You were on level 6 of the Dungeon.
You worshipped the Shining One.
The Shining One was pleased with you.
You were near starving.

You visited 1 branch of the dungeon, and saw 6 of its levels.

You collected 221 gold pieces.

Inventory:

Hand Weapons
 a - a +1 spear (weapon)
Missiles
 t - 6 javelins (quivered)
Armour
 f - a +0 pair of boots (worn)
 m - a +0 shield of positive energy
 n - a +0 leather armour (worn)
 s - a +0 cloak (worn)
Jewellery
 w - an uncursed ring of flight
 A - the ring of Irhamam {+Blink rF+ rC++ EV+1 Dex-3, unknown}
   (You found it on level 6 of the Dungeon)

   [ring of evasion]

   It affects your evasion (+1).
   It affects your dexterity (-3).
   It protects you from fire.
   It greatly protects you from cold.
   It lets you blink.
Wands
 b - a wand of confusion (25/48)
 y - a wand of confusion (19/48)
Scrolls
 d - 3 scrolls of recharging
 e - a scroll of teleportation
 k - a scroll of identify
 l - 2 scrolls of magic mapping {unknown}
 o - 2 scrolls of fog {unknown}
 p - a scroll of fear {unknown}
 q - 3 scrolls of remove curse {unknown}
 u - a scroll of noise {unknown}
Potions
 j - a potion of haste
 r - 2 potions of flight
 v - a potion of resistance
Books
 x - a book of Misfortune

   Spells                             Type                      Level
   a - Confusing Touch                Hexes                        1
   b - Confuse                        Hexes                        3
   c - Gell's Gravitas                Translocation                3
   d - Petrify                        Transmutation/Earth          4
   e - Metabolic Englaciation         Hexes/Ice                    5
   f - Yara's Violent Unravelling     Hexes/Transmutation          5
Comestibles
 c - 4 bread rations
 g - 4 fruits
 h - a meat ration
 i - 2 royal jellies


   Skills:
 - Level 3.2 Fighting
 * Level 11.5 Polearms
 - Level 4.0 Dodging
 - Level 2.1 Stealth
 * Level 0.4 Invocations


You had 6 spell levels left.
You didn't know any spells.

Dungeon Overview and Level Annotations

Branches:
Dungeon (6/15)
 Temple: D:4-7

Altars:
Gozag
Makhleb
Vehumet
Zin
The Shining One


Message History

* * * LOW HITPOINT WARNING * * *
You hit the steam dragon but do no damage.
The steam dragon is moderately wounded.
You hit the steam dragon.
The steam dragon is moderately wounded.
The steam dragon breathes steam at you. The ball of steam hits you!
The Shining One protects you from harm!
You hit the steam dragon but do no damage.
The steam dragon is moderately wounded.
You hit the steam dragon but do no damage.
The steam dragon is moderately wounded.
You block the steam dragon's attack.
The steam dragon claws you but does no damage.
You barely miss the steam dragon.
The steam dragon is moderately wounded.
You hit the steam dragon.
The steam dragon is moderately wounded.
The steam dragon bites you.
You die...

........#..........<.....#
.........................#
.........................##
........................>..
..........#...§.§#.........
.....##...#...§§§..........
.... #...#...§.§..........
###+###...#...§§§........##
####...........§@§...##.....
.≈§##....##.....D§...# .####
..≈≈#..........§.....+ ..
.8.≈#......###.......# ##
...≈##..... ...........
....≈#....###.....######
###.≈#............#
##..≈#.#...##.....#
#...≈#....[#.# ###


You could see a steam dragon.

Vanquished Creatures
  The ghost of bande the Chopper, an amateur MiFi (D:4)
  An ogre (D:3)
  A centaur (D:5)
  A hound (D:5)
  An iguana (D:5)
  2 worker ants (D:5)
  4 adders
  6 dart slugs
  A leopard gecko (D:3)
  5 orcs
  2 giant cockroaches
  7 goblins
  6 hobgoblins
  7 jackals
  A quokka (D:5)
  2 ball pythons
  2 bats
  3 frilled lizards
  6 kobolds
  3 rats
62 creatures vanquished.

Notes
Turn   | Place    | Note
-------+----------+-------------------------------------------
     0 | D:1      | Inchmeat the Merfolk Monk began the quest for the Orb.
     0 | D:1      | Reached XP level 1. HP: 18/18 MP: 1/1
   137 | D:1      | Reached skill level 5 in Polearms
   167 | D:1      | Reached XP level 2. HP: 19/24 MP: 2/2
   249 | D:1      | Found a glowing golden altar of the Shining One.
   338 | D:1      | Became a worshipper of the Shining One
   338 | D:1      | Reached * piety under the Shining One
   338 | D:1      | Reached ** piety under the Shining One
   652 | D:2      | Reached XP level 3. HP: 27/29 MP: 3/3
   655 | D:2      | Reached skill level 6 in Polearms
  1716 | D:3      | Reached XP level 4. HP: 24/35 MP: 4/4
  1738 | D:3      | Found a glowing golden altar of the Shining One.
  1738 | D:3      | Found an opulent altar of Gozag.
  1783 | D:3      | Reached skill level 7 in Polearms
  2423 | D:3      | Noticed an ogre
  2433 | D:3      | Killed an ogre
  2433 | D:3      | Reached skill level 8 in Polearms
  2433 | D:3      | Reached XP level 5. HP: 25/41 MP: 5/5
  2781 | D:4      | Noticed bande's ghost (amateur MiFi)
  2806 | D:4      | Killed bande's ghost
  2806 | D:4      | Reached skill level 10 in Polearms
  2806 | D:4      | Reached XP level 6. HP: 41/47 MP: 6/6
  2929 | D:5      | Entered Level 5 of the Dungeon
  3030 | D:5      | Reached XP level 7. HP: 42/52 MP: 7/7
  3035 | D:5      | Found a radiant altar of Vehumet.
  3048 | D:5      | Reached skill level 11 in Polearms
  3230 | D:5      | Found a burning altar of Makhleb.
  3258 | D:5      | Found a glowing silver altar of Zin.
  3652 | D:6      | Noticed a two-headed ogre
  3665 | D:6      | Noticed a steam dragon
  3677 | D:6      | Noticed a steam dragon
  3976 | D:6      | Got a wavering pewter ring
  3980 | D:6      | HP: 2/52 [steam dragon (3)]
  3982 | D:6      | The Shining One protects you from harm!
  3986 | D:6      | Slain by a steam dragon

Skill      XL: |  1  2  3  4  5  6  7 |
---------------+----------------------+-----
Polearms       | 5 6 8 10 11 | 11.5
Fighting       | |  3.2
Dodging        | |  4.0
Stealth        | |  2.1
Invocations    | |  0.4

Action                   |  1- 3 |  4- 6 |  7- 9 || total
-------------------------+-------+-------+-------++-------
Melee: Spear             |   128 |   102 |    57 ||   287
Throw: Javelin           |       |       |     1 ||     1
Invok: Divine Shield     |       |       |     1 ||     1
  Use: Scroll            |       |     8 |     3 ||    11
       Potion            |       |     2 |     2 ||     4
 Stab: Sleeping          |     1 |       |       ||     1
  Eat: Meat ration       |     1 |       |       ||     1
       Chunk             |       |     1 |     2 ||     3
Armor: Robe              |    16 |     6 |     1 ||    23
       Leather armour    |       |       |     7 ||     7
Dodge: Dodged            |    58 |    45 |    23 ||   126
Block: Other             |       |       |     1 ||     1
